 Dungeon Crawl Stone Soup version 0.28-b1-25-g9875b3fc8c (webtiles) character file.

Game seed: 6289908097058594874

17797 night the Fighter (level 12, -17/95 HPs)
             Began as a Demonspawn Wanderer on Feb 7, 2022.
             Was an Initiate of Gozag.
             Demolished by an orc warrior (30 damage)
             ... led by an orc knight
             ... on level 2 of the Orcish Mines.
             The game lasted 01:00:00 (20047 turns).

night the Fighter (Demonspawn Wanderer)            Turns: 20047, Time: 01:00:00

Health: -17/95     AC: 18    Str: 11    XL:     12   Next: 22%
Magic:  18/18      EV: 12    Int: 17    God:    Gozag
Gold:   1364       SH:  0    Dex: 16    Spells: 11/19 levels left

rFire   . . .      SeeInvis .     - Unarmed
rCold   . . .      Faith    .   (no shield)
rNeg    . . .      Spirit   .   i - +3 leather armour
rPois   .          Reflect  .   a - +0 helmet
rElec   .          Harm     .   (no cloak)
rCorr   +          Rampage  .   D - +0 pair of gloves
Will    .....                   d - +0 pair of boots
Stlth   +.........              M - amulet of the acrobat
HPRegen 1.25/turn               l - ring of resist corrosion
MPRegen 0.16/turn               K - +4 ring of protection

@: brilliant, gold aura, on berserk cooldown, hasted and slowed
A: demonic guardian 1, powered by death 1, augmentation 1, sharp scales 3,
demonic touch 1
a: Renounce Religion, Potion Petition, Call Merchant, Bribe Branch


You were on level 2 of the Orcish Mines.
You worshipped Gozag.
Gozag was most pleased with you.
You visited 3 branches of the dungeon, and saw 13 of its levels.

You collected 2680 gold pieces.
You spent 432 gold pieces at shops.
You paid 884 gold pieces to Gozag.

Inventory:

Hand Weapons
 f - a +0 hunting sling
 p - a +3 short sword of flaming
 q - a +0 vampiric dagger
 F - a +2 dagger of venom
 L - the +6 quarterstaff of Muuguzei {vorpal, SInv}
   (You found it on level 8 of the Dungeon)

   It inflicts extra damage upon your enemies.
   SInv:      It lets you see invisible.
Missiles
 b - 184 stones
 j - 18 poisoned darts (quivered)
 k - 110 bolts
 o - 41 sling bullets
 r - 15 boomerangs
 t - 3 throwing nets
 u - 2 curare-tipped darts
Armour
 a - a +0 helmet (worn)
 d - a +0 pair of boots (worn)
 g - a +0 scale mail
 i - a +3 leather armour (worn)
 D - a +0 pair of gloves (worn)
Jewellery
 l - a ring of resist corrosion (left hand)
 K - a +4 ring of protection (right hand)
 M - an amulet of the acrobat (around neck)
Wands
 x - a wand of mindburst (5)
 B - a wand of flame (8)
Scrolls
 c - a scroll of teleportation
 v - 2 scrolls of enchant armour
 y - 2 scrolls of amnesia
 C - 2 scrolls of fog
 J - a scroll of enchant weapon
 N - a scroll of magic mapping
Potions
 e - 4 potions of flight
 m - 4 potions of haste
 n - 3 potions of lignification
 s - 3 potions of mutation
 w - a potion of brilliance
 z - a potion of heal wounds
 E - 2 potions of curing
 H - a potion of attraction {unknown}


   Skills:
 + Level 9.2 Fighting
 + Level 8.4 Armour
 - Level 1.7 Dodging
 + Level 8.4 Unarmed Combat
 - Level 4.0 Spellcasting
 - Level 7.2 Conjurations
 - Level 3.0 Summonings
 - Level 1.1 Necromancy
 + Level 4.1 Translocations
 - Level 7.8 Earth Magic


You had 11 spell levels left.
You knew the following spells:

 Your Spells              Type           Power      Damage    Failure   Level
a - Sandblast             Erth           88%        2d18      1%          1
b - Stone Arrow           Conj/Erth      86%        3d12      2%          3
c - Animate Armour        Summ/Erth      64%        N/A       22%         4

Your spell library contained the following spells:

 Spells                   Type           Power      Damage    Failure   Level
 Animate Skeleton         Necr           20%        N/A       13%         1
 Conjure Flame            Conj/Fire      23%        6-21      14%         3
 Vampiric Draining        Necr           10%        2d6       36%         3
 Sticky Flame             Conj/Fire      23%        2d4       41%         4
 Ignite Poison            Fire/Tmut/Pois 5%         N/A       52%         3
 Malign Gateway           Summ/Tloc      11%        N/A       100%        7
 Summon Horrible Things   Summ           10%        N/A       100%        8


Dungeon Overview and Level Annotations

Branches:
Dungeon (10/15)            Temple (1/1) D:7             Orc (2/2) D:9
   Lair: D:8-11         Elf: Orc:2

Altars:
Ashenzari
Cheibriados
Dithmenos
Elyvilon
Fedhas
Gozag
Hepliaklqana
Kikubaaqudgha
Makhleb
Nemelex Xobeh
Okawaru
Qazlal
Ru
Sif Muna
Trog
Uskayaw
Vehumet
Wu Jian
Xom
Yredelemnul
Zin
The Shining One
Beogh

Shops:
D:8 =   Orc:2 :?!

Annotations:
D:1 Terence
D:4 2 transporters, melvinkitnick's ghost, amateur OpSu
D:6 2 transporters, Anothat's ghost, novice FoFi


Innate Abilities, Weirdness & Mutations

A weak demonic guardian rushes to your aid.
You regenerate a little health from kills.
Your magical and physical power is slightly enhanced at high health.
You are completely covered in razor-sharp scales. (AC +3, Slay +3)
Your touch may inflict minor irresistible damage on your foes.


Message History

The orc knight is heavily wounded.
You punch the orc knight! Your touch misses the orc knight.
The orc knight is severely wounded.
The orc warrior misses you.
The orc knight hits you with a +0 war axe!
You hit the orc knight.
The orc knight is severely wounded.
You completely miss the orc knight.
The orc knight is severely wounded.
The orc warrior hits you from afar with a +3 glaive!
The orc knight barely misses you.
You punch the orc knight!
The orc knight is almost dead.
The orc warrior barely misses you.
You hit the orc knight.
You kill the orc knight!
An ogre comes into view. It is wielding a +0 giant spiked club.
The ogre shouts!
Items here: $ )) [.
You feel a strong urge to attack something.
The orc shouts!
The orc closely misses you.
You punch the orc!
You kill the orc!
The orc warrior hits you with a +3 glaive!!
* * * LOW HITPOINT WARNING * * *
A demonic guardian appears!
You are no longer berserk.
You are exhausted.
You feel yourself slow down.
Your ufetubus hits the orc.
Your ufetubus closely misses the orc.
Items here: $ )) [.
You barely miss the orc warrior.
The orc warrior hits you with a +3 glaive.
* * * LOW HITPOINT WARNING * * *
Your ufetubus barely misses the orc.
Your ufetubus hits the orc. You closely miss the orc warrior.
The orc warrior hits you with a +3 glaive!!
You die...
Your body crumbles into a pile of gold.

..................#
..................#
..................#
.o...............##
.................#
.................##
...........#....5.#
.........#.#####o##
...... ... #.@o#
..#..# ##.## ### ##
###


You could see an orc warrior (strong), an orc (strong, ally target) and a
friendly ufetubus (summoned).

Vanquished Creatures
  A catoblepas (D:10)
  2 two-headed ogres
  3 orc high priests (Orc:2)
  4 orc knights
  Pikel (D:3)
  2 orc sorcerers
  Joseph (D:8)
  2 rust devils (Orc:2)
  A gargoyle (D:8)
  A komodo dragon (D:10)
  A wind drake (shapeshifter) (D:10)
  3 trolls
  Sigmund (D:4)
  A ynoxinul (Orc:2)
  2 nameless horrors
  A neqoxec (Orc:2)
  6 yaks (D:10)
  2 steam dragons
  2 wargs (Orc:1)
  3 water moccasins
  19 orc warriors
  A black bear (D:8)
  2 sky beasts
  4 ogres
  A necrophage (D:6)
  4 centaurs
  2 lemures (D:3)
  A phantom (D:5)
  A kobold brigand (D:9)
  2 bullfrogs
  5 scorpions
  A water moccasin skeleton (D:6)
  5 killer bees
  15 wights
  4 howler monkeys (D:9)
  A bullfrog zombie (D:6)
  A crimson imp (D:3)
  2 gnoll shamans
  22 orc priests
  A centaur skeleton (D:4)
  A hound (D:5)
  Jessica (D:2)
  2 iguanas
  9 orc wizards
  A killer bee zombie (D:7)
  Robin (D:2)
  19 gnolls
  3 adders
  2 river rats (D:4)
  A white imp (D:5)
  An ufetubus (D:6)
  A worm (D:4)
  3 dart slugs (D:3)
  48 orcs
  8 ball pythons
  12 endoplasms
  A giant cockroach (D:2)
  13 goblins
  11 hobgoblins
  12 kobolds
  5 quokkas
  14 bats
  2 frilled lizards (D:3)
  7 rats
  2 butterflies (D:7)
314 creatures vanquished.

Vanquished Creatures (collateral kills)
  A two-headed ogre (D:10)
  An orc knight (Orc:2)
  An orc priest (D:8)
  A howler monkey zombie (D:8)
  2 orcs (D:8)
6 creatures vanquished.

Vanquished Creatures (others)
  2 lemures (D:3)
  2 killer bees
4 creatures vanquished.

Grand Total: 324 creatures vanquished

Notes
Turn   | Place    | Note
-------+----------+-------------------------------------------
     0 | D:1      | night the Demonspawn Wanderer began the quest for the Orb.
     0 | D:1      | night set off with the following items: a +0 dagger, 31
                  | stones, a +0 robe, a +0 pair of boots; and the following
                  | spells available to memorise: Sandblast, Animate Skeleton,
                  | Stone Arrow, Vampiric Draining, Animate Armour
     0 | D:1      | Reached XP level 1. HP: 15/15 MP: 3/3
     2 | D:1      | Learned a level 1 spell: Sandblast
   553 | D:1      | Gained mutation: You are partially covered in razor-sharp
                  | scales. (AC +1, Slay +1) [demonic ancestry]
   553 | D:1      | Reached XP level 2. HP: 21/21 MP: 3/5
  1204 | D:2      | Noticed Terence
  1440 | D:2      | Noticed Robin
  1452 | D:2      | Reached skill level 1 in Unarmed Combat
  1468 | D:2      | Reached XP level 3. HP: 23/27 MP: 6/6
  1490 | D:2      | Killed Robin
  1688 | D:2      | Noticed Jessica
  1693 | D:2      | Killed Jessica
  1694 | D:2      | Reached skill level 2 in Fighting
  1694 | D:2      | Reached XP level 4. HP: 23/33 MP: 2/7
  2369 | D:3      | Noticed a bullfrog
  2383 | D:2      | Killed a bullfrog
  2384 | D:2      | Gained mutation: You are mostly covered in razor-sharp
                  | scales. (AC +2, Slay +2) [demonic ancestry]
  2384 | D:2      | Reached XP level 5. HP: 25/39 MP: 2/8
  2848 | D:3      | Found an opulent altar of Gozag.
  2849 | D:3      | Found a hide-covered altar of Uskayaw.
  2855 | D:3      | Became a worshipper of Gozag Ym Sagoz the Greedy
  3015 | D:3      | Found a radiant altar of Vehumet.
  3049 | D:2      | Reached skill level 3 in Fighting
  3248 | D:3      | Gained mutation: You are completely covered in razor-sharp
                  | scales. (AC +3, Slay +3) [demonic ancestry]
  3248 | D:3      | Reached XP level 6. HP: 47/47 MP: 6/9
  3252 | D:3      | Learned a level 3 spell: Stone Arrow
  3293 | D:3      | Found a burning altar of Makhleb.
  3804 | D:4      | Noticed Pikel
  4148 | D:3      | Killed Pikel
  4149 | D:3      | Reached XP level 7. HP: 20/53 MP: 6/10
  4394 | D:4      | Found a broken altar of Ashenzari.
  4423 | D:4      | Noticed Sigmund
  4438 | D:4      | Killed Sigmund
  4439 | D:4      | Reached skill level 4 in Fighting
  4550 | D:4      | Gained mutation: You regenerate a little health from kills.
                  | [demonic ancestry]
  4550 | D:4      | Reached XP level 8. HP: 45/61 MP: 7/11
  4799 | D:4      | Noticed melvinkitnick's ghost (amateur OpSu)
  4802 | D:4      | Found a transporter.
  5024 | D:4      | Reached skill level 5 in Earth Magic
  5100 | D:4      | Found a transporter.
  5350 | D:5      | Entered Level 5 of the Dungeon
  6154 | D:5      | Reached skill level 5 in Fighting
  6208 | D:5      | Found a sparkling altar of Nemelex Xobeh.
  7293 | D:6      | Noticed a manticore
  7295 | D:6      | Found a transporter.
  7295 | D:6      | Noticed Anothat's ghost (novice FoFi)
  7303 | D:6      | Found a transporter.
  7311 | D:6      | Gained mutation: Your touch may inflict minor irresistible
                  | damage on your foes. [demonic ancestry]
  7311 | D:6      | Reached XP level 9. HP: 51/68 MP: 5/12
  7418 | D:6      | Reached skill level 5 in Armour
  8359 | D:7      | Found a staircase to the Ecumenical Temple.
  8378 | Temple   | Entered the Ecumenical Temple
  8755 | D:7      | Reached skill level 5 in Unarmed Combat
  8760 | D:7      | Learned a level 4 spell: Animate Armour
  9676 | D:7      | Reached skill level 1 in Summonings
  9766 | D:8      | Reached skill level 6 in Fighting
 10090 | D:8      | Reached skill level 5 in Conjurations
 10138 | D:8      | Noticed a two-headed ogre
 10213 | D:8      | Killed a two-headed ogre
 10534 | D:8      | Found Vosm's Jewellery Shoppe.
 10546 | D:8      | Bought a +4 ring of protection for 432 gold pieces
 10585 | D:8      | Noticed Joseph
 10606 | D:8      | Killed Joseph
 10607 | D:8      | Reached XP level 10. HP: 75/77 MP: 9/15
 10614 | D:8      | Identified the +6 quarterstaff of Muuguzei {vorpal, SInv}
 10938 | D:8      | Noticed a gargoyle
 10944 | D:8      | Killed a gargoyle
 11433 | D:9      | Noticed a two-headed ogre
 11443 | D:9      | Killed a two-headed ogre
 12694 | D:9      | Found a staircase to the Orcish Mines.
 12760 | D:10     | Entered Level 10 of the Dungeon
 12847 | D:10     | Reached skill level 7 in Fighting
 13067 | D:10     | Noticed a catoblepas
 13080 | D:10     | Killed a catoblepas
 13175 | D:10     | Gained mutation: A weak demonic guardian rushes to your
                  | aid. [demonic ancestry]
 13175 | D:10     | Reached XP level 11. HP: 80/84 MP: 4/17
 13371 | D:10     | Found an iron altar of Okawaru.
 13476 | D:10     | Noticed a two-headed ogre
 13503 | D:10     | Killed a two-headed ogre
 13965 | D:10     | Found a shimmering altar of Xom.
 14465 | D:3      | Noticed a nameless horror
 14479 | D:3      | Killed a nameless horror
 14724 | Orc:1    | Entered Level 1 of the Orcish Mines
 15183 | Orc:2    | Entered Level 2 of the Orcish Mines
 15197 | Orc:2    | Noticed an orc knight
 15651 | Orc:2    | Killed an orc knight
 15802 | Orc:2    | Found Deycut's Book Boutique.
 16125 | Orc:2    | Noticed an orc high priest
 16135 | Orc:2    | Killed an orc high priest
 16136 | Orc:2    | Reached skill level 8 in Fighting
 16136 | Orc:2    | Reached skill level 1 in Translocations
 16962 | Orc:2    | Noticed an orc knight
 17337 | Orc:2    | Noticed an orc knight
 17358 | Orc:2    | Killed an orc knight
 17690 | Orc:2    | Found Vewnyrr's Magic Scroll Shoppe.
 17696 | Orc:2    | Found Muil's Distillery.
 17761 | Orc:2    | Noticed an orc high priest
 18244 | Orc:2    | Noticed an orc sorcerer
 18244 | Orc:2    | Noticed an orc knight
 18247 | Orc:2    | Noticed an orc sorcerer
 18248 | Orc:2    | Killed an orc sorcerer
 18464 | Orc:1    | Killed an orc knight
 18617 | Orc:2    | Paralysed by an orc sorcerer for 2 turns
 18626 | Orc:1    | Noticed a soul eater
 18628 | Orc:1    | Killed an orc sorcerer
 18951 | Orc:2    | Noticed an orc knight
 18989 | Orc:2    | Killed an orc knight
 18990 | Orc:2    | Gained mutation: Your magical and physical power is
                  | slightly enhanced at high health. [demonic ancestry]
 18990 | Orc:2    | Reached XP level 12. HP: 19/94 MP: 3/18
 19367 | Orc:2    | Killed an orc high priest
 19368 | Orc:2    | Reached skill level 9 in Fighting
 19986 | Orc:2    | Noticed an orc high priest
 19996 | Orc:2    | Killed an orc high priest
 20047 | Orc:2    | Demolished by an orc warrior

Illustrated notes

Levels and vault maps discovered:
D:1:      erik_arrival_cave_to_civilisation [erik_arrival_cave_to_hall],
          layout_loops_ring
D:2:      layout_loops_ring, uniq_jessica, uniq_terence, uniq_robin
D:3:      layout_rooms, grunt_temple_overflow_lords_of_destruction,
          nicolae_overflow_squiral, serial_curves, eino_curves_04,
          eino_curves_02
D:4:      layout_rooms, lemuel_coloured_pillars_altar, gup_sewer_entry_bowl,
          gammafunk_ghost_arena, uniq_sigmund, uniq_pikel
D:5:      layout_loops_ring, nemelex_xobeh_ov_fountains_minmay
D:6:      layout_cave_pools, gammafunk_ghost_arena
D:7:      layout_basic, minmay_temple_entry_butterflies, roderic_batcave,
          item_on_display_a
D:8:      layout_cave_pools, kennysheep_pointless_box, serial_bayou_pond_a,
          grunt_ministairs_6, minmay_shop_enchanted_jewellery, uniq_joseph
D:9:      layout_basic, orc_0_dummy
D:10:     layout_irregular_city, mainiacjoe_overflow_alcove_2,
          gammafunk_temple_overflow_wave, hangedman_abyss_or_decor_passed
Temple:   dshaligram_water_room_temple
Orc:1:    layout_caves, gammafunk_ghost_split, basic_altar
Orc:2:    pf_orc_diabolical, layout_diamond_mine, serial_shops, shop

Skill      XL: |  1  2  3  4  5  6  7  8  9 10 11 12 |
---------------+-------------------------------------+-----
Earth Magic    | 3 4 5 6 7 |  7.8
Unarmed Combat | 1 2 3 4 5 6 8 |  8.4
Fighting       | 2 3 4 5 6 7 8 9 |  9.2
Armour         | 2 3 4 5 6 8 |  8.4
Conjurations   | 2 4 5 6 7 |  7.2
Spellcasting   | 3 4 |  4.0
Summonings     | 2 3 |  3.0
Translocations | 3 4 |  4.1
Dodging        | |  1.7
Necromancy     | |  1.1

Action                   |  1- 3 |  4- 6 |  7- 9 | 10-12 || total
-------------------------+-------+-------+-------+-------++-------
Melee: Dagger            |    85 |       |       |       ||    85
       Punch             |     2 |     4 |     4 |    32 ||    42
       Short sword       |    28 |   131 |   119 |       ||   278
       Unarmed           |       |       |    68 |   377 ||   445
       Touch             |       |       |    18 |    81 ||    99
Throw: Dart              |       |     2 |     9 |     9 ||    20
       Stone             |       |       |     3 |       ||     3
 Cast: Sandblast         |    25 |    18 |    38 |    21 ||   102
       Stone Arrow       |       |       |    83 |   162 ||   245
       Animate Armour    |       |       |     1 |     4 ||     5
Invok: Potion Petition   |       |       |     1 |     1 ||     2
Evoke: Wand              |       |     6 |     4 |     7 ||    17
  Use: Scroll            |       |     8 |     6 |     7 ||    21
       Potion            |       |       |       |     1 ||     1
 Stab: Sleeping          |     1 |       |     1 |       ||     2
       Distracted        |       |     1 |     1 |     1 ||     3
Armor: Robe              |     7 |       |       |       ||     7
       Leather armour    |    46 |    62 |    73 |   103 ||   284
       Scale mail        |       |       |       |     2 ||     2
Dodge: Dodged            |    56 |    73 |   121 |   219 ||   469
